 Dungeon Crawl Stone Soup version 0.23.2-40-g277498a001 (webtiles) character file.

Game seed: 988748984930142860

36296 Hylith the Blocker (level 13, -17/104 HPs)
             Began as a Gnoll Fighter on Sept 24, 2019.
             Was the Champion of Okawaru.
             Demolished by Rupert
             ... wielding a +3 great mace of protection
              (20 damage)
             ... on level 4 of the Lair of Beasts.
             The game lasted 00:44:03 (18352 turns).

Hylith the Blocker (Gnoll Fighter)                 Turns: 18352, Time: 00:44:03

Health: -17/104    AC: 17    Str: 23    XL:     13   Next: 89%
Magic:  25/25      EV: 12    Int: 11    God:    Okawaru [******]
Gold:   920        SH: 13    Dex: 15    Spells: 25/29 levels left

rFire    . . .     SeeInvis .   U - +2 trident (vamp)
rCold    . . .     Gourm    .   c - +0 shield
rNeg     . . .     Faith    .   A - +3 chain mail
rPois    .         Spirit   .   (no helmet)
rElec    .         Reflect  .   X - scarf {repulsion}
rCorr    .         Harm     .   z - +0 pair of gloves
MR       +....                  t - +0 pair of boots
Stlth    +.........             Q - amulet of magic regeneration
HPRegen  0.27/turn              g - +4 ring of slaying
MPRegen  0.44/turn              C - ring of protection from magic

@: repel missiles
A: distributed training, fangs 1, strong nose
a: Heroism, Finesse, Renounce Religion


You were on level 4 of the Lair of Beasts.
You worshipped Okawaru.
Okawaru was exalted by your worship.
You were hungry.

You visited 3 branches of the dungeon, and saw 15 of its levels.
You also visited: Ossuary.

You collected 1024 gold pieces.
You spent 104 gold pieces at shops.

Inventory:

Hand Weapons
 H - a +1 whip of flaming
 N - the +4 hunting sling of the Hidden Eyes {flame, rF++}
   (You found it on level 9 of the Dungeon)

   It causes projectiles fired from it to burn those they strike, causing extra
   injury to most foes and up to half again as much damage against particularly
   susceptible opponents.
   It greatly protects you from fire.
 R - the +6 dire flail "Amifeagy" {flame, rElec SInv}
   (Okawaru gifted it to you on level 2 of the Lair of Beasts)

   It has been specially enchanted to burn those struck by it, causing extra
   injury to most foes and up to half again as much damage against particularly
   susceptible opponents.
   It insulates you from electricity.
   It lets you see invisible.
 U - a +2 vampiric trident (weapon)
Missiles
 p - 3 tomahawks (quivered)
 E - 2 throwing nets
 F - 7 javelins
 O - 50 sling bullets
Armour
 b - a +0 cloak
 c - a +0 shield (worn)
 t - a +0 pair of boots (worn)
 z - a +0 pair of gloves (worn)
 A - a +3 chain mail (worn)
 X - a scarf of repulsion (worn)
Jewellery
 g - a +4 ring of slaying (left hand)
 x - an uncursed ring of magical power
 C - a ring of protection from magic (right hand)
 Q - an amulet of magic regeneration (around neck)
Wands
 a - a wand of digging (7)
 u - a wand of iceblast (5)
 w - a wand of acid (7)
 J - a wand of paralysis (7)
 K - a wand of random effects (6)
 S - a wand of disintegration (13)
 T - a wand of polymorph (8)
Scrolls
 j - 5 scrolls of magic mapping
 k - 3 scrolls of remove curse
 l - 4 scrolls of fear
 o - 8 scrolls of teleportation
 v - 4 scrolls of fog
 y - 2 scrolls of identify
 D - a scroll of amnesia
 I - 2 scrolls of blinking
Potions
 d - 5 potions of might
 e - 7 potions of curing
 h - 6 potions of flight
 i - 2 potions of heal wounds
 m - a potion of ambrosia
 n - a potion of haste
 q - 2 potions of mutation
 r - 2 potions of brilliance
 s - 2 potions of lignification
 B - 4 potions of agility
 G - a potion of invisibility
 L - 2 potions of cancellation
 M - a potion of magic
Miscellaneous
 W - a phantom mirror
Comestibles
 f - 18 rations


   Skills:
 + Level 10.7 Fighting
 + Level 8.5 Short Blades
 + Level 8.5 Long Blades
 + Level 8.5 Axes
 + Level 9.7 Maces & Flails
 + Level 8.5 Polearms
 + Level 8.5 Staves
 + Level 8.5 Slings
 + Level 8.5 Bows
 + Level 8.5 Crossbows
 + Level 8.5 Throwing
 + Level 10.7 Armour
 + Level 8.5 Dodging
 + Level 8.5 Stealth
 + Level 10.7 Shields
 + Level 8.5 Unarmed Combat
 + Level 8.5 Spellcasting
 + Level 7.1 Conjurations
 + Level 7.1 Hexes
 + Level 7.1 Charms
 + Level 7.1 Summonings
 + Level 7.1 Necromancy
 + Level 7.1 Translocations
 + Level 7.1 Transmutations
 + Level 7.1 Fire Magic
 + Level 7.1 Ice Magic
 + Level 7.1 Air Magic
 + Level 7.1 Earth Magic
 + Level 7.1 Poison Magic
 + Level 9.3 Invocations
 + Level 8.5 Evocations


You had 25 spell levels left.
You knew the following spells:

 Your Spells              Type           Power        Failure   Level  Hunger
a - Infusion              Chrm           ###.         8%          1    None
r - Regeneration          Chrm/Necr      ###.......   22%         3    ##.....

Your spell library contained the following spells:

 Spells                   Type           Power        Failure   Level  Hunger
 Confusing Touch          Hex            ###...       8%          1    None
 Shroud of Golubria       Chrm/Tloc      ###.......   12%         2    #......
 Song of Slaying          Chrm           ###.....     12%         2    #......
 Confuse                  Hex            ###.....     22%         3    ##.....
 Gell's Gravitas          Tloc           ###.......   22%         3    ##.....
 Spectral Weapon          Hex/Chrm       ###.....     22%         3    ##.....
 Petrify                  Tmut/Erth      ###.....     58%         4    ####...
 Metabolic Englaciation   Hex/Ice        ###.......   91%         5    ######.
 Yara's Violent Unravell  Hex/Tmut       ###.......   91%         5    ######.


Dungeon Overview and Level Annotations

Branches:
Dungeon (10/15)            Temple (1/1) D:4            Lair (4/6) D:10
 Shoals (0/4) Lair:2       Spider (0/4) Lair:2          Orc (0/2) D:10

Altars:
Ashenzari
Cheibriados
Dithmenos
Elyvilon
Fedhas
Gozag
Hepliaklqana
Kikubaaqudgha
Makhleb
Nemelex Xobeh
Okawaru
Qazlal
Ru
Sif Muna
Trog
Uskayaw
Vehumet
Wu Jian
Xom
Yredelemnul
Zin
The Shining One

Shops:
D:4 !   D:5 *   D:10 [

Portals:
Trove: D:10 (give 13 potions of heal wounds)

Annotations:
Lair:4 Rupert


Innate Abilities, Weirdness & Mutations

Your experience applies equally to all skills.
You have very sharp teeth.
Your uncanny sense of smell can sniff out nearby items.


Message History

You impale Rupert!!
You feel better.
Rupert is severely wounded.
Rupert hits you with a +3 great mace of protection!
You hit Rupert.
Rupert is almost dead.
Rupert hits you with a +3 great mace of protection!!
* * * LOW HITPOINT WARNING * * *
Rupert hits you with a +3 great mace of protection!
* * * LOW HITPOINT WARNING * * *
You hit Rupert.
You feel better.
Rupert is almost dead.
Rupert hits you with a +3 great mace of protection!!
* * * LOW HITPOINT WARNING * * *
Aiming: Corrosive Bolt
Press: ? - help, Shift-Dir - straight line, p - Rupert The bolt of acid hits Rupert!
Rupert is splashed with acid.
The acid corrodes Rupert!
Rupert is almost dead.
Rupert hits you with a +3 great mace of protection!!
You die...

####.≈≈≈≈.<≈≈≈≈≈.###.<..##
#.##..≈≈≈≈≈.≈≈≈.≈# #...###
#.....≈≈≈≈≈≈≈≈≈≈##########
#.....≈≈≈≈≈≈≈≈≈...# ##.#
#.....≈≈≈≈≈≈≈≈....# #...
#.........≈≈≈.....# #...
###...[...##P≈......+ ###P..
#.#........##.......#....+..
##......#..@@.(.(....# #..
###.######.#.......# #.. ###
####P..#'#.# ##. ###P#..# #.
###..# ## ... # .... ##
.@.D. #. .....# ##.


You could see Rupert (berserk).

Vanquished Creatures
  A dire elephant (Lair:2)
  7 hydras
  A death yak (Lair:1)
  A lindwurm (Lair:2)
  Pikel (D:8)
  4 oklob plants (Lair:3)
  A manticore (Lair:2)
  3 black mambas
  23 elephants
  A gargoyle (D:10)
  4 spiny frogs
  A torpor snail (Lair:2)
  10 komodo dragons
  A rime drake (Lair:2)
  A hornet (D:8)
  9 blink frogs
  7 hippogriffs
  2 redbacks (Lair:2)
  A spriggan (Lair:2)
  A wyvern (D:9)
  10 yaks
  5 basilisks
  A hungry ghost (D:10)
  8 water moccasins
  2 porcupines (Lair:3)
  4 black bears
  3 sky beasts
  3 ice beasts
  2 phantoms
  An orc warrior (D:10)
  2 necrophages
  4 ogres
  10 wolves
  5 centaurs
  8 crocodiles
  Blork the orc (D:5)
  2 big kobolds
  A water moccasin zombie (D:6)
  13 bullfrogs
  4 troll zombies (D:10)
  4 scorpions
  4 wights
  An electric eel (D:6)
  3 howler monkeys (D:9)
  2 crimson imps (D:5)
  2 bullfrog zombies
  3 centaur zombies (D:8)
  A centaur skeleton (D:7)
  2 jellies
  3 orc priests
  5 hounds
  3 bullfrog skeletons
  Crazy Yiuf (D:2)
  4 iguanas (D:8)
  7 orc wizards
  8 worker ants
  4 ogre zombies (D:10)
  2 big kobold zombies (Ossuary)
  A hound zombie (D:8)
  8 mummies (Ossuary)
  7 gnolls
  8 adders
  A howler monkey skeleton (D:6)
  2 shadow imps
  An adder skeleton (D:8)
  4 worms
  3 dart slugs
  8 leopard geckos
  25 orcs
  A ball python (D:5)
  4 bats
  8 giant cockroaches
  2 gnoll zombies (Ossuary)
  4 goblins
  6 hobgoblins
  17 jackals
  22 kobolds
  4 quokkas
  9 frilled lizards
  A goblin zombie (D:10)
  2 hobgoblin skeletons (D:10)
  6 hobgoblin zombies
  A jackal skeleton (D:2)
  A jackal zombie (D:9)
  A kobold zombie (Ossuary)
  An orc skeleton (D:10)
  18 orc zombies (D:10)
  A quokka skeleton (D:4)
  2 quokka zombies
  15 rats
422 creatures vanquished.

Vanquished Creatures (others)
  A scorpion (D:8)
  A jelly (D:8)
  An adder (D:8)
  79 fungi
  55 plants
137 creatures vanquished.

Grand Total: 559 creatures vanquished

Notes
Turn   | Place    | Note
-------+----------+-------------------------------------------
     0 | D:1      | Hylith the Gnoll Fighter began the quest for the Orb.
     0 | D:1      | Reached XP level 1. HP: 23/23 MP: 1/1
    40 | D:1      | Reached XP level 2. HP: 17/29 MP: 2/2
   536 | D:1      | Reached XP level 3. HP: 31/35 MP: 3/3
   850 | D:1      | Reached skill level 1 in Invocations
  1039 | D:2      | Reached skill level 1 in Short Blades
  1039 | D:2      | Reached skill level 1 in Long Blades
  1039 | D:2      | Reached skill level 1 in Axes
  1039 | D:2      | Reached skill level 1 in Polearms
  1039 | D:2      | Reached skill level 1 in Staves
  1039 | D:2      | Reached skill level 1 in Slings
  1039 | D:2      | Reached skill level 1 in Bows
  1039 | D:2      | Reached skill level 1 in Crossbows
  1039 | D:2      | Reached skill level 1 in Throwing
  1039 | D:2      | Reached skill level 1 in Dodging
  1039 | D:2      | Reached skill level 1 in Stealth
  1039 | D:2      | Reached skill level 1 in Unarmed Combat
  1039 | D:2      | Reached skill level 1 in Spellcasting
  1039 | D:2      | Reached skill level 1 in Evocations
  1167 | D:2      | Found a runed translucent door.
  1168 | D:2      | Noticed Crazy Yiuf
  1178 | D:2      | Killed Crazy Yiuf
  1178 | D:2      | Reached XP level 4. HP: 19/41 MP: 5/5
  1304 | D:2      | Reached skill level 1 in Conjurations
  1304 | D:2      | Reached skill level 1 in Hexes
  1304 | D:2      | Reached skill level 1 in Charms
  1304 | D:2      | Reached skill level 1 in Summonings
  1304 | D:2      | Reached skill level 1 in Necromancy
  1304 | D:2      | Reached skill level 1 in Translocations
  1304 | D:2      | Reached skill level 1 in Transmutations
  1304 | D:2      | Reached skill level 1 in Fire Magic
  1304 | D:2      | Reached skill level 1 in Ice Magic
  1304 | D:2      | Reached skill level 1 in Air Magic
  1304 | D:2      | Reached skill level 1 in Earth Magic
  1304 | D:2      | Reached skill level 1 in Poison Magic
  1315 | D:2      | Reached XP level 5. HP: 28/47 MP: 6/6
  1411 | D:2      | You fall through a shaft for 2 floors!
  1444 | D:4      | Found Voajuwn's Distillery.
  1467 | D:4      | Reached XP level 6. HP: 48/53 MP: 8/8
  1598 | D:4      | Bought a potion of mutation for 104 gold pieces
  1629 | D:4      | Reached skill level 5 in Maces & Flails
  1780 | D:4      | Reached XP level 7. HP: 56/59 MP: 10/10
  2297 | D:2      | Found a faded altar of an unknown god.
  2664 | D:3      | Found a bloodstained altar of Trog.
  2812 | D:4      | Found a staircase to the Ecumenical Temple.
  2823 | Temple   | Entered the Ecumenical Temple
  3296 | D:5      | Entered Level 5 of the Dungeon
  3318 | D:5      | Noticed Blork the orc
  3327 | D:5      | Killed Blork the orc
  3431 | D:5      | Found Ihelew's Serpentskin Sales.
  3761 | D:5      | Reached XP level 8. HP: 39/67 MP: 12/12
  4902 | D:6      | Reached XP level 9. HP: 72/72 MP: 14/14
  5552 | D:7      | Found a white marble altar of Elyvilon.
  6137 | D:8      | Noticed Pikel
  6156 | D:8      | Killed Pikel
  6156 | D:8      | Reached skill level 5 in Invocations
  6249 | D:8      | Found an iron altar of Okawaru.
  6257 | D:8      | Became a worshipper of Warmaster Okawaru
  6361 | D:8      | Reached XP level 10. HP: 67/80 MP: 17/17
  6569 | D:8      | Found a sand-covered staircase.
  6579 | Ossuary  | Entered an ossuary
  7074 | D:8      | Reached skill level 5 in Short Blades
  7074 | D:8      | Reached skill level 5 in Long Blades
  7074 | D:8      | Reached skill level 5 in Axes
  7074 | D:8      | Reached skill level 5 in Polearms
  7074 | D:8      | Reached skill level 5 in Staves
  7074 | D:8      | Reached skill level 5 in Slings
  7074 | D:8      | Reached skill level 5 in Bows
  7074 | D:8      | Reached skill level 5 in Crossbows
  7074 | D:8      | Reached skill level 5 in Throwing
  7074 | D:8      | Reached skill level 5 in Dodging
  7074 | D:8      | Reached skill level 5 in Stealth
  7074 | D:8      | Reached skill level 5 in Unarmed Combat
  7074 | D:8      | Reached skill level 5 in Spellcasting
  7074 | D:8      | Reached skill level 5 in Evocations
  7323 | D:9      | Reached * piety under Okawaru
  7381 | D:9      | Got a pitted hunting sling
  7382 | D:9      | Identified the +4 hunting sling of the Hidden Eyes {flame,
                  | rF++} (You found it on level 9 of the Dungeon)
  7395 | D:9      | Found a shimmering altar of Xom.
  8086 | D:10     | Entered Level 10 of the Dungeon
  8107 | D:10     | Found Hemn's Antique Armour Boutique.
  8456 | D:10     | Found a staircase to the Orcish Mines.
  8483 | D:10     | Reached ** piety under Okawaru
  8699 | D:9      | Reached XP level 11. HP: 35/87 MP: 19/19
  9240 | D:10     | Found a portal to a secret trove of treasure.
  9458 | D:10     | Found a staircase to the Lair.
  9853 | D:10     | Found a blossoming altar of Fedhas.
  9906 | D:10     | Reached skill level 5 in Conjurations
  9906 | D:10     | Reached skill level 5 in Hexes
  9906 | D:10     | Reached skill level 5 in Charms
  9906 | D:10     | Reached skill level 5 in Summonings
  9906 | D:10     | Reached skill level 5 in Necromancy
  9906 | D:10     | Reached skill level 5 in Translocations
  9906 | D:10     | Reached skill level 5 in Transmutations
  9906 | D:10     | Reached skill level 5 in Fire Magic
  9906 | D:10     | Reached skill level 5 in Ice Magic
  9906 | D:10     | Reached skill level 5 in Air Magic
  9906 | D:10     | Reached skill level 5 in Earth Magic
  9906 | D:10     | Reached skill level 5 in Poison Magic
 10078 | Lair:1   | Entered Level 1 of the Lair of Beasts
 10262 | Lair:1   | Reached *** piety under Okawaru
 11038 | Lair:1   | Noticed an eight-headed hydra
 11126 | Lair:1   | Killed an eight-headed hydra
 11126 | Lair:1   | Reached **** piety under Okawaru
 11887 | Lair:2   | Noticed a death yak
 11913 | Lair:1   | Killed a death yak
 12554 | Lair:2   | Received a gift from Okawaru
 12650 | Lair:2   | Reached ***** piety under Okawaru
 12650 | Lair:2   | Reached XP level 12. HP: 61/96 MP: 22/22
 12905 | Lair:2   | Found a hole to the Spider Nest.
 12923 | Lair:2   | Received a gift from Okawaru
 12950 | Lair:2   | Noticed a four-headed hydra
 12962 | Lair:2   | Killed a four-headed hydra
 13088 | Lair:2   | Received a gift from Okawaru
 13200 | Lair:2   | Found a staircase to the Shoals.
 13200 | Lair:2   | Noticed a dire elephant
 13249 | Lair:2   | Killed a dire elephant
 13249 | Lair:2   | Received a gift from Okawaru
 13483 | Lair:2   | Noticed an eight-headed hydra
 13710 | Lair:2   | You fall through a shaft!
 13710 | Lair:3   | Noticed an eight-headed hydra
 13729 | Lair:3   | Killed an eight-headed hydra
 13848 | Lair:3   | Received a gift from Okawaru
 13993 | Lair:3   | Reached skill level 10 in Fighting
 13993 | Lair:3   | Reached skill level 10 in Armour
 13993 | Lair:3   | Reached skill level 10 in Shields
 14513 | Lair:3   | Received a gift from Okawaru
 14519 | Lair:3   | Reached XP level 13. HP: 46/103 MP: 24/24
 16042 | Lair:2   | Received a gift from Okawaru
 16043 | Lair:2   | Got an ichor-stained dire flail {god gift}
 16049 | Lair:2   | Identified the +6 dire flail "Amifeagy" {flame, rElec SInv}
                  | (Okawaru gifted it to you on level 2 of the Lair of Beasts)
 16806 | Lair:3   | Reached ****** piety under Okawaru
 17842 | Lair:4   | Learned a level 1 spell: Infusion
 17846 | Lair:4   | Learned a level 3 spell: Regeneration
 17864 | Lair:4   | Received a gift from Okawaru
 18327 | Lair:4   | Noticed Rupert
 18334 | Lair:4   | Paralysed by Rupert for 2 turns
 18351 | Lair:4   | HP: 3/104 [Rupert/+3 great mace of protection (19)]
 18352 | Lair:4   | Demolished by Rupert

Skill      XL: |  1  2  3  4  5  6  7  8  9 10 11 12 13 |
---------------+----------------------------------------+-----
Invocations    | 1 2 3 4 5 6 7 8 9 |  9.3
Short Blades   | 1 2 3 4 5 6 7 8 |  8.5
Long Blades    | 1 2 3 4 5 6 7 8 |  8.5
Axes           | 1 2 3 4 5 6 7 8 |  8.5
Polearms       | 1 2 3 4 5 6 7 8 |  8.5
Staves         | 1 2 3 4 5 6 7 8 |  8.5
Slings         | 1 2 3 4 5 6 7 8 |  8.5
Bows           | 1 2 3 4 5 6 7 8 |  8.5
Crossbows      | 1 2 3 4 5 6 7 8 |  8.5
Throwing       | 1 2 3 4 5 6 7 8 |  8.5
Dodging        | 1 2 3 4 5 6 7 8 |  8.5
Stealth        | 1 2 3 4 5 6 7 8 |  8.5
Unarmed Combat | 1 2 3 4 5 6 7 8 |  8.5
Spellcasting   | 1 2 3 4 5 6 7 8 |  8.5
Evocations     | 1 2 3 4 5 6 7 8 |  8.5
Conjurations   | 1 2 3 4 5 6 7 |  7.1
Hexes          | 1 2 3 4 5 6 7 |  7.1
Charms         | 1 2 3 4 5 6 7 |  7.1
Summonings     | 1 2 3 4 5 6 7 |  7.1
Necromancy     | 1 2 3 4 5 6 7 |  7.1
Translocations | 1 2 3 4 5 6 7 |  7.1
Transmutations | 1 2 3 4 5 6 7 |  7.1
Fire Magic     | 1 2 3 4 5 6 7 |  7.1
Ice Magic      | 1 2 3 4 5 6 7 |  7.1
Air Magic      | 1 2 3 4 5 6 7 |  7.1
Earth Magic    | 1 2 3 4 5 6 7 |  7.1
Poison Magic   | 1 2 3 4 5 6 7 |  7.1
Maces & Flails | 5 6 7 8 9 |  9.7
Fighting       | 7 8 9 10 | 10.7
Armour         | 7 8 9 10 | 10.7
Shields        | 7 8 9 10 | 10.7

Action                   |  1- 3 |  4- 6 |  7- 9 | 10-12 | 13-15 || total
-------------------------+-------+-------+-------+-------+-------++-------
Melee: Flail             |   129 |   111 |   343 |       |       ||   583
       Bite              |    11 |    18 |    64 |   179 |    94 ||   366
       Whip              |       |       |    56 |   973 |   257 ||  1286
       Trident           |       |       |       |       |   174 ||   174
 Fire: Hunting sling     |       |       |       |    21 |       ||    21
Throw: Tomahawk          |       |     4 |       |    23 |     9 ||    36
       Throwing net      |       |       |       |     4 |     2 ||     6
       Javelin           |       |       |       |       |    15 ||    15
Invok: Heroism           |       |       |       |     1 |     1 ||     2
Evoke: Wand              |       |       |       |    23 |     3 ||    26
  Use: Scroll            |       |       |    11 |     7 |     2 ||    20
       Potion            |       |       |       |       |     1 ||     1
 Stab: Sleeping          |       |       |     7 |     3 |       ||    10
       Confused          |       |       |       |     6 |       ||     6
       Held in net/web   |       |       |       |       |     2 ||     2
  Eat: Chunk             |     1 |     2 |    12 |    19 |     8 ||    42
       Ration            |       |       |     1 |     2 |     4 ||     7
Armor: Scale mail        |    48 |       |       |       |       ||    48
       Chain mail        |     1 |    67 |    52 |   216 |   181 ||   517
       Ring mail         |       |       |    79 |    31 |       ||   110
       Plate armour      |       |       |       |    62 |       ||    62
Dodge: Dodged            |    48 |    35 |   136 |   276 |   168 ||   663
Block: Shield            |    61 |    93 |   211 |   501 |   210 ||  1076
